 Dungeon Crawl Stone Soup version 0.29-a0-39-g581ba40fa7 (webtiles) character file.

Game seed: 12367400512944180408

66560 Iidacon the Brawler (level 14, -14/133 HPs)
             Began as a Troll Berserker on Feb 1, 2022.
             Was a High Priest of Trog.
             Demolished by Nessos the centaur simulacrum (23 damage)
             ... on level 6 of the Lair of Beasts.
             The game lasted 00:41:43 (20804 turns).

Iidacon the Brawler (Troll Berserker)              Turns: 20804, Time: 00:41:44

Health: -14/133    AC: 10    Str: 33    XL:     14   Next: 79%
Magic:  13/13      EV: 29    Int:  5    God:    Trog [*****.]
Gold:   1253       SH:  0    Dex: 13    Spells: 13/13 levels left

rFire   . . .      SeeInvis .     - Unarmed
rCold   . . .      Faith    .   (no shield)
rNeg    . . .      Spirit   .   a - +1 animal skin
rPois   .          Reflect  .   I - +2 hat of Ezehops {Str+5 Int+2}
rElec   .          Harm     .   j - +2 cloak
rCorr   .          Rampage  .   (gloves unavailable)
Will    ++++.                   (boots unavailable)
Stlth   +++.......              t - amulet of the acrobat
HPRegen 2.12/turn               E - ring of flight
MPRegen 0.13/turn               w - ring of willpower

@: strong-willed, on berserk cooldown, acrobatic, flying, regenerating, slowed,
very slow
A: large, unfitting armour, claws 3, regeneration 1, shaggy fur 1, tough skin 1
a: Renounce Religion, Berserk, Trog's Hand, Brothers in Arms


You were on level 6 of the Lair of Beasts.
You worshipped Trog.
Trog was extremely pleased with you.
You visited 3 branches of the dungeon, and saw 18 of its levels.
You visited the Abyss 1 time.
You also visited: Sewer and Volcano.

You collected 1253 gold pieces.

Inventory:

Hand Weapons
 H - a +2 fustibalus of flaming
 L - a +2 antimagic demon blade
Missiles
 b - 436 stones (quivered)
 f - 115 sling bullets
 C - a throwing net
Armour
 a - a +1 animal skin (worn)
 j - a +2 cloak (worn)
 I - the +2 hat of Ezehops (worn) {Str+5 Int+2}
   (You acquired it on level 1 of the Lair of Beasts)

   Str:       It affects your strength (+5).
   Int:       It affects your intelligence (+2).
Jewellery
 c - a +4 ring of protection
 s - a +4 ring of evasion
 t - an amulet of the acrobat (around neck)
 u - a ring of fire
 w - a ring of willpower (right claw)
 E - a ring of flight (left claw)
 G - a ring of protection from fire
 J - a +6 ring of strength
Wands
 l - a wand of paralysis (9)
 y - a wand of acid (3)
 B - a wand of polymorph (11)
 F - a wand of digging (14)
 K - a wand of flame (4)
Scrolls
 d - 3 scrolls of holy word
 g - 3 scrolls of teleportation
 x - 5 scrolls of identify
 z - 3 scrolls of blinking
 A - a scroll of fear
 D - 3 scrolls of magic mapping
 M - a scroll of fog
 N - a scroll of enchant armour
Potions
 e - 3 potions of might
 h - 2 potions of haste
 i - 2 potions of mutation
 k - 5 potions of flight
 m - 7 potions of curing
 n - a potion of invisibility
 o - a potion of ambrosia
 p - 2 potions of magic
 q - 2 potions of cancellation
 r - 2 potions of lignification
 v - 2 potions of heal wounds


   Skills:
 + Level 7.5 Fighting
 * Level 2.3 Long Blades
 + Level 3.5 Slings
 + Level 10.6 Dodging
 + Level 4.9 Stealth
 + Level 19.7 Unarmed Combat


You had 13 spell levels left.
You didn't know any spells.
Your spell library was empty.

Dungeon Overview and Level Annotations

Branches:
Dungeon (11/15)            Temple (1/1) D:6            Lair (6/6) D:9
 Shoals (0/4) Lair:2        Snake (0/4) Lair:3        Slime (0/5) Lair:5
  Sewer (visited)         Volcano (visited)
    Orc: D:9-12

Altars:
Ashenzari
Cheibriados
Dithmenos
Elyvilon
Fedhas
Gozag
Hepliaklqana
Kikubaaqudgha
Makhleb
Nemelex Xobeh
Okawaru
Qazlal
Ru
Sif Muna
Trog
Uskayaw
Vehumet
Wu Jian
Xom
Yredelemnul
Zin
The Shining One

Shops:
D:11 =

Annotations:
Lair:4 2 transporters, Essalna's ghost, journeyman DsEE


Innate Abilities, Weirdness & Mutations

You are too large for most types of armour.
You have claws for hands.
Your natural rate of healing is unusually fast.
You are covered in fur. (AC +1)
You have tough skin. (AC +1)


Message History

Items here: ! ( ) [.
Nessos closely misses you. Nessos completely misses you.
The elephant zombie misses you.
The elephant zombie completely misses you.
Things that are here:
a +2 great sword; 19 stones Nessos misses you.
Nessos kicks you but does no damage.
Things that are here:
a +0 dagger; a +0 robe Nessos completely misses you. x2
Nessos completely misses you. x2
You barely miss Nessos. You claw Nessos!
Nessos is moderately damaged.
Nessos hits you but does no damage. Nessos kicks you but does no damage.
Nessos hits you. Nessos freezes you!!
* * * LOW HITPOINT WARNING * * *
Nessos kicks you.
* * * LOW HITPOINT WARNING * * *
Nessos freezes you!
* * * LOW HITPOINT WARNING * * *
Okay, then.
Your skin crawls.
You feel strong-willed. Nessos hits you but does no damage. Nessos kicks you.
* * * LOW HITPOINT WARNING * * *
Nessos freezes you!
* * * LOW HITPOINT WARNING * * *
Nessos barely misses you. x2; Nessos completely misses you. x2
Nessos completely misses you. Nessos misses you. Nessos misses you. x2
Nessos completely misses you. Nessos closely misses you.
Nessos closely misses you. Nessos misses you. Nessos misses you.
Nessos kicks you.
* * * LOW HITPOINT WARNING * * *
Nessos freezes you!!
* * * LOW HITPOINT WARNING * * *
Nessos hits you.
* * * LOW HITPOINT WARNING * * *
Nessos freezes you!!
You die...

...p#8.}'..............
8..8##8.#..............
#''# ##.#........#.####
#≈≈ #.#.......#.#..##
≈≈ #.#..............
#.#..............
##.#.........#....
#..#.......##....#
####@##.......##P...#
.8#.Z.#♣.......###...#
##..
#.###.........##...#
.#.
##Z##..........#...#.
##.'
#Z.#♣............†...
##..
#.##♣................
#..#####.#
♣P...............
#...)))..#
#♣...............
#...'..###
#P.......###.#.#


You could see a dire elephant simulacrum, Nessos the centaur simulacrum and an
elephant zombie.

Vanquished Creatures
  Gastronok (D:8)
  Nessos (Lair:6)
  A dire elephant (Lair:6)
  An ettin (D:11)
  A boulder beetle (D:10)
  An ice dragon (D:11)
  15 hydras
  3 centaur warriors
  A dancing weapon (Volcano)
  2 two-headed ogres
  Nergalle (Lair:2)
  A spectral death yak (Lair:6)
  5 wizards (Volcano)
  2 necromancers (Lair:6)
  An ugly thing (D:11)
  A cyclops (D:11)
  2 wolf spiders (Lair:4)
  2 manticores
  A black mamba (shapeshifter) (D:11)
  5 toenail golems (Volcano)
  2 black mambas
  17 elephants
  A dire elephant zombie (Lair:6)
  15 cane toads
  2 rime drakes
  3 komodo dragons
  A wind drake (Lair:2)
  3 trolls
  3 polar bears
  4 blink frogs (Lair:5)
  3 slime creatures (Lair:5)
  2 spectral elephants (Lair:6)
  17 dream sheep (Lair:6)
  A centaur simulacrum (D:11)
  3 wyverns
  77 yaks
  3 basilisks
  2 steam dragons
  12 vampire mosquitoes
  Menkaure (D:6)
  3 nagas (Lair:3)
  2 death yak simulacra (Lair:6)
  An acid dragon (D:10)
  22 water moccasins
  11 orc warriors
  A sky beast (D:5)
  2 ice beasts
  2 black bears
  2 elephant zombies (Lair:6)
  3 ogres
  3 wolves (Lair:4)
  4 centaurs
  An elephant skeleton (Lair:6)
  A phantom (D:6)
  2 kobold brigands (Sewer)
  12 bullfrogs
  A gnoll sergeant (D:8)
  4 scorpions
  A wyvern skeleton (D:7)
  A water moccasin zombie (D:5)
  A water moccasin skeleton (D:5)
  An elephant simulacrum (Lair:6)
  4 wights (D:7)
  4 howler monkeys
  2 centaur zombies
  A bullfrog zombie (D:6)
  4 jellies
  8 orc priests
  3 hounds
  Crazy Yiuf (D:2)
  A bullfrog skeleton (D:6)
  A centaur skeleton (D:5)
  Ijyb (D:3)
  3 iguanas
  15 orc wizards
  A killer bee zombie (D:8)
  3 howler monkey skeletons
  7 adders
  7 gnolls
  A river rat (Sewer)
  A white imp (D:7)
  An adder skeleton (D:4)
  4 worms
  2 dart slugs
  35 orcs
  A bat (D:2)
  5 endoplasms
  3 giant cockroaches
  6 goblins
  8 hobgoblins
  A jackal (Sewer)
  7 quokkas
  5 ball pythons
  A frilled lizard (D:1)
  12 kobolds
  7 rats
  A butterfly (Lair:2)
468 creatures vanquished.

Vanquished Creatures (others)
  62 fungi
  48 plants
  29 withered plants (Lair:6)
139 creatures vanquished.

Grand Total: 607 creatures vanquished

Notes
Turn   | Place    | Note
-------+----------+-------------------------------------------
     0 | D:1      | Iidacon the Troll Berserker began the quest for the Orb.
     0 | D:1      | Reached XP level 1. HP: 22/22 MP: 0/0
   150 | D:1      | Reached XP level 2. HP: 27/29 MP: 1/1
   685 | D:2      | Reached XP level 3. HP: 33/36 MP: 2/2
   756 | D:2      | Found a runed translucent door.
   757 | D:2      | Noticed Crazy Yiuf
   791 | D:2      | Reached ** piety under Trog
  1274 | D:2      | Killed Crazy Yiuf
  1275 | D:2      | Reached skill level 4 in Unarmed Combat
  1275 | D:2      | Reached XP level 4. HP: 44/44 MP: 3/3
  1508 | D:3      | Noticed Ijyb
  1512 | D:3      | Paralysed by Ijyb for 2 turns
  1521 | D:3      | Killed Ijyb
  2046 | D:4      | Noticed a black bear
  2051 | D:3      | Killed a black bear
  2052 | D:3      | Reached skill level 5 in Unarmed Combat
  2052 | D:3      | Reached XP level 5. HP: 53/53 MP: 4/4
  2159 | D:4      | Found a glowing drain.
  2173 | D:4      | Reached XP level 6. HP: 61/61 MP: 5/5
  2204 | Sewer    | Entered a sewer
  2283 | Sewer    | Reached skill level 6 in Unarmed Combat
  2313 | Sewer    | Found a white marble altar of Elyvilon.
  2533 | D:4      | Reached *** piety under Trog
  2534 | D:4      | Reached XP level 7. HP: 61/67 MP: 6/6
  3101 | D:5      | Entered Level 5 of the Dungeon
  3259 | D:5      | Reached skill level 1 in Stealth
  3317 | D:5      | Reached skill level 7 in Unarmed Combat
  3456 | D:5      | Reached XP level 8. HP: 47/75 MP: 7/7
  3516 | D:5      | Reached skill level 8 in Unarmed Combat
  3872 | D:6      | Reached skill level 9 in Unarmed Combat
  4105 | D:6      | Found a glowing golden altar of the Shining One.
  4116 | D:6      | Noticed Menkaure
  4127 | D:6      | Killed Menkaure
  4128 | D:6      | Reached skill level 5 in Dodging
  4139 | D:6      | Reached XP level 9. HP: 60/84 MP: 8/8
  4141 | D:6      | Reached **** piety under Trog
  4185 | D:6      | Found a staircase to the Ecumenical Temple.
  4221 | Temple   | Entered the Ecumenical Temple
  4696 | D:6      | Reached skill level 10 in Unarmed Combat
  6034 | D:7      | Reached skill level 11 in Unarmed Combat
  6601 | D:8      | Reached XP level 10. HP: 94/94 MP: 9/9
  7038 | D:8      | Noticed Gastronok
  7056 | D:8      | Killed Gastronok
  7057 | D:8      | Reached skill level 12 in Unarmed Combat
  7242 | D:8      | Found an opulent altar of Gozag.
  7333 | D:8      | Reached ***** piety under Trog
  7648 | D:9      | Found a large runed translucent door.
  7648 | D:9      | Found a large runed translucent door.
  7677 | D:9      | Noticed a centaur warrior
  7682 | D:9      | Killed a centaur warrior
  7684 | D:9      | Reached skill level 13 in Unarmed Combat
  7798 | D:9      | Noticed a two-headed ogre
  7827 | D:9      | Killed a two-headed ogre
  7842 | D:9      | Reached XP level 11. HP: 42/101 MP: 10/10
  7906 | D:9      | Received a gift from Trog
  7923 | D:9      | Found a staircase to the Lair.
  8216 | D:9      | Found an ornate altar of the Wu Jian Council.
  8462 | D:9      | Found a radiant altar of Vehumet.
  8469 | D:9      | Found a shimmering altar of Xom.
  8516 | D:10     | Entered Level 10 of the Dungeon
  8516 | D:10     | Found a hazy altar of Hepliaklqana.
  8539 | D:10     | Noticed a boulder beetle
  8556 | D:10     | Killed a boulder beetle
  8712 | D:10     | Reached skill level 14 in Unarmed Combat
  8719 | D:10     | Reached skill level 5 in Fighting
  9687 | D:11     | Reached skill level 15 in Unarmed Combat
  9977 | D:11     | Found Horycs's Jewellery Shoppe.
 10026 | D:11     | Noticed a two-headed ogre
 10035 | D:11     | Killed a two-headed ogre
 10084 | D:11     | Noticed a green ugly thing
 10094 | D:11     | Killed a green ugly thing
 10269 | D:11     | Noticed a centaur warrior
 10269 | D:11     | Noticed a centaur warrior
 10274 | D:11     | Killed a centaur warrior
 10275 | D:11     | Reached XP level 12. HP: 111/111 MP: 11/11
 10281 | D:11     | Killed a centaur warrior
 10335 | D:11     | Noticed an ice dragon
 10335 | D:11     | Noticed an ettin
 10347 | D:11     | Killed an ice dragon
 10351 | D:11     | Killed an ettin
 10352 | D:11     | Reached skill level 16 in Unarmed Combat
 11098 | Lair:1   | Entered Level 1 of the Lair of Beasts
 11295 | Lair:1   | Found a dark tunnel.
 11309 | Volcano  | Entered a volcano
 11619 | Volcano  | Cast into level 3 of the Abyss (a wizard)
 11661 | Volcano  | Escaped the Abyss
 12037 | Lair:1   | Found a snail-covered altar of Cheibriados.
 12049 | Lair:1   | Reached skill level 17 in Unarmed Combat
 12079 | Lair:1   | You are sucked into a shaft and drop 1 floor!
 12557 | Lair:1   | Reached skill level 1 in Slings
 13174 | Lair:1   | Noticed a four-headed hydra
 13265 | Lair:1   | Killed a six-headed hydra
 13266 | Lair:1   | Reached XP level 13. HP: 120/120 MP: 12/12
 13833 | Lair:1   | Identified a scroll of acquirement
 13834 | Lair:2   | Found a staircase to the Shoals.
 13922 | Lair:2   | HP: 8/183 [ten-headed hydra (12)]
 13939 | Lair:2   | Noticed Nergalle
 14571 | Lair:2   | Killed Nergalle
 15113 | Lair:2   | Acquired the +2 hat of Ezehops {Str+5 Int+2}
 15547 | Lair:3   | Found a staircase to the Snake Pit.
 16842 | Lair:4   | Reached skill level 18 in Unarmed Combat
 16846 | Lair:4   | Received a gift from Trog
 17256 | Lair:4   | Found a basalt altar of Yredelemnul.
 17369 | Lair:4   | Found a transporter.
 17378 | Lair:4   | Noticed Essalna's ghost (journeyman DsEE)
 17414 | Lair:4   | Found a transporter.
 17825 | Lair:5   | Reached XP level 14. HP: 133/133 MP: 13/13
 17826 | Lair:5   | Found a staircase to the Slime Pits.
 18547 | Lair:5   | Reached skill level 10 in Dodging
 18962 | Lair:6   | Entered Level 6 of the Lair of Beasts
 19249 | Lair:6   | Reached skill level 19 in Unarmed Combat
 19309 | Lair:6   | Received a gift from Trog
 19433 | Lair:6   | Noticed Nessos
 19827 | Lair:6   | Reached skill level 1 in Long Blades
 20779 | Lair:6   | Killed Nessos
 20779 | Lair:6   | Received a gift from Trog
 20804 | Lair:6   | Demolished by Nessos the centaur simulacrum

Illustrated notes

Levels and vault maps discovered:
D:1:      nicolae_arrival_memento_mori, layout_loops_cross
D:2:      layout_loops_cross, chequers_decorated_corner, uniq_crazy_yiuf_cottage
D:3:      layout_basic, uniq_ijyb
D:4:      layout_basic, cheibrodos_sewer_entry_drain,
          hangedman_abyss_or_decor_passed
D:5:      layout_loops_ring
D:6:      layout_loops_ring, tso_metal_star, minmay_temple_entry_glassed_door,
          uniq_menkaure
D:7:      layout_loops_cross
D:8:      layout_basic, grunt_gozag_breadcrumbs, uniq_gastronok
D:9:      layout_loops_cross, jmf_multi_god_temple2,
          nicolae_wu_jian_immortal_techniques, grunt_lair_entry_orc_guard_hut
D:10:     layout_irregular_city, nicolae_hepliaklqana_hazy_memory
D:11:     minmay_shrinking_squares, layout_stronghold, serial_shops,
          nicolae_shop_trees
Temple:   eino_temple_scatter_basement
Lair:1:   cheibrodos_lair_river_kwai, layout_long_grid, basic_altar,
          enter_volcano_1, grunt_megastairs_2, infiniplex_staircase_pool
Lair:2:   layout_loops_ring, minmay_shoals_entry_beasts, grunt_megastairs_1,
          lemuel_fruit_fields, uniq_nergalle
Lair:3:   layout_layer_cave, minmay_snake_entry_guardpost_small,
          grunt_megastairs_3
Lair:4:   layout_big_grid, basic_altar, gammafunk_ghost_abyssal_escape,
          nicolae_lair_run_with_the_wolves
Lair:5:   layout_regular_city, minmay_slime_entry_pillars, serial_bayou_shore_b
Lair:6:   due_jungle_book, layout_regular_city, uniq_nessos

Skill      XL: |  1  2  3  4  5  6  7  8  9 10 11 12 13 14 |
---------------+-------------------------------------------+-----
Dodging        | 3 4 5 6 8 9 10 | 10.6
Unarmed Combat | 4 5 6 7 9 11 13 15 17 18 19 | 19.7
Fighting       | 3 4 5 6 7 |  7.5
Stealth        | 1 2 3 4 |  4.9
Slings         | 2 3 |  3.5
Long Blades    | 2 |  2.3

Action                   |  1- 3 |  4- 6 |  7- 9 | 10-12 | 13-15 || total
-------------------------+-------+-------+-------+-------+-------++-------
Melee: Unarmed           |    87 |    95 |   231 |   384 |   564 ||  1361
       Punch             |     1 |     1 |    14 |    33 |    70 ||   119
 Fire: Fustibalus        |       |       |       |   145 |       ||   145
Invok: Berserk           |     1 |     2 |     3 |    13 |    18 ||    37
       Trog's Hand       |       |       |       |       |     1 ||     1
Evoke: Wand              |       |       |       |       |     1 ||     1
  Use: Scroll            |       |     5 |     9 |     6 |    10 ||    30
       Potion            |       |       |       |     4 |     1 ||     5
 Stab: Sleeping          |       |     1 |     5 |       |     8 ||    14
       Distracted        |       |       |     1 |     2 |     3 ||     6
Armor: Animal skin       |    14 |    36 |    63 |   152 |   185 ||   450
Dodge: Dodged            |    38 |    36 |   124 |   335 |   425 ||   958

Table legend: (Time is in decaauts)
 A = Elapsed time spent in this place.
 B = Non-inter-level travel time spent in this place.
 C = Inter-level travel time spent in this place.
 D = Time resting spent in this place.
 E = Time spent auto-exploring this place.
 F = Levels seen in this place.
 G = Mean time per level.
                   A        B        C        D        E       F      G
               +--------+--------+--------+--------+--------+-----+--------+
         Total |  20851 |  19997 |    854 |   6334 |   9957 |  21 |  992.9 |
       Dungeon |  10873 |  10413 |    460 |   2808 |   6050 |  11 |  988.5 |
        Temple |    175 |    163 |     12 |      0 |    146 |   1 |  175.0 |
          Lair |   8942 |   8560 |    382 |   3461 |   3503 |   6 | 1490.3 |
         Abyss |     41 |     41 |      0 |      0 |      0 |   1 |   41.0 |
         Sewer |    172 |    172 |      0 |      0 |    124 |   1 |  172.0 |
       Volcano |    645 |    645 |      0 |     64 |    134 |   1 |  645.0 |
               +--------+--------+--------+--------+--------+-----+--------+

Top non-repeatable levels by time:
  Lair:6: 1817 daAuts
     D:6: 1815 daAuts
  Lair:2: 1763 daAuts
  Lair:3: 1661 daAuts
    D:11: 1562 daAuts
  Lair:1: 1541 daAuts
  Lair:5: 1435 daAuts
     D:9: 1144 daAuts
     D:7: 1075 daAuts
    D:10: 998 daAuts
     D:4: 889 daAuts
     D:2: 799 daAuts
     D:5: 724 daAuts
  Lair:4: 723 daAuts
     D:3: 719 daAuts
